 Dungeon Crawl Stone Soup version 0.27.1-34-g3ba077fa99 (webtiles) character file.

Game seed: 16745052838846403610

16309 unlimited1921 the Thaumaturge (level 12, -6/89 HPs)
             Began as a Djinni Fire Elementalist on Jan 24, 2022.
             Was an Initiate of Gozag.
             Mangled by a wolf spider (17 damage)
             ... on level 1 of the Spider Nest on Jan 25, 2022.
             The game lasted 02:10:29 (19378 turns).

unlimited1921 the Thaumaturge (DjFE)               Turns: 19378, Time: 02:10:32

Health: -6/89      AC: 12    Str:  7    XL:     12   Next: 68%
Gold:   2037       EV: 14    Int: 22    God:    Gozag SH:  0 Dex: 14

rFire    + + +     SeeInvis .   S - +3 flail (protect)
rCold    x . .     Faith    .   (no shield)
rNeg     . . .     Spirit   .   d - +2 robe of Vines {NoPotionHeal Regen+++}
rPois    ∞         Reflect  .   v - +0 helmet
rElec    .         Harm     .   (no cloak)
rCorr    .         Rampage  .   b - +2 pair of gloves {Stlth+}
Will     +....                  (boots unavailable)
Stlth    ++++......             T - amulet of the acrobat
HPRegen  3.24/turn              H - +4 ring of protection
MPRegen  0.00/turn              W - ring of protection from fire

@: radiating poison, gold aura, flying
A: sickness immunity, fire resistance 2, cold vulnerability 1, float, innate
caster, hp casting, extra vitality 1
a: Renounce Religion, Potion Petition, Call Merchant, Bribe Branch


You were on level 1 of the Spider Nest.
You worshipped Gozag.
Gozag was most pleased with you.
You visited 3 branches of the dungeon, and saw 12 of its levels.

You collected 2096 gold pieces.
You paid 59 gold pieces to Gozag.

Inventory:

Hand Weapons
 D - a +0 war axe
 G - a +4 great sword
 L - a +6 flail of holy wrath
 M - a +1 trident of distortion
 O - a +1 battleaxe
 P - a +0 long sword
 S - a +3 flail of protection (weapon)
Missiles
 h - a throwing net
 q - 6 boomerangs
 X - 38 poisoned darts
 Y - 10 javelins
Armour
 b - a +2 pair of gloves of stealth (worn)
 c - a +0 tower shield
 d - the +2 robe of Vines (worn) {NoPotionHeal Regen+++}
   (You found it on level 2 of the Lair of Beasts)

   Its wearer cannot be healed by potions.
   Regen:     It increases your rate of health regeneration.
 m - the +1 cloak of Jokuocse {*Slow rC+ Int+4}
   (You found it on level 2 of the Lair of Beasts)

   Int:       It affects your intelligence (+4).
   rC:        It protects you from cold.
   *Slow:     It may slow you when you take damage.
 v - a +0 helmet (worn)
 Q - +0 steam dragon scales
Jewellery
 s - a ring of positive energy
 y - a ring of willpower
 H - a +4 ring of protection (left hand)
 T - an amulet of the acrobat (around neck)
 V - a +6 ring of strength
 W - a ring of protection from fire (right hand)
Wands
 g - a wand of iceblast (12)
 j - a wand of mindburst (13)
 w - a wand of flame (37) (quivered)
 A - a wand of charming (8)
 R - a wand of acid (24)
Scrolls
 e - a scroll of fear {unknown}
 f - 3 scrolls of blinking
 i - 2 scrolls of summoning
 k - a scroll of magic mapping
 l - 3 scrolls of teleportation
 o - 2 scrolls of enchant armour {unknown}
 p - a scroll of fog
 t - a scroll of torment {unknown}
 x - a scroll of enchant weapon
 C - a scroll of vulnerability {unknown}
 U - a scroll of holy word {unknown}
Potions
 n - a potion of curing {unknown}
 r - 2 potions of cancellation
 u - 2 potions of lignification
 z - 2 potions of ambrosia
 B - a potion of haste
 E - 2 potions of heal wounds
 J - 3 potions of mutation
 K - a potion of brilliance
 N - 2 potions of berserk rage
 Z - a potion of magic {unknown}
Miscellaneous
 a - a tin of tremorstones (2/2)


   Skills:
 * Level 9.0 Fighting
 - Level 0.1 Short Blades
 + Level 0.2 Maces & Flails
 * Level 5.4 Dodging
 + Level 5.0 Stealth
 + Level 12.4 Spellcasting
 + Level 2.3 Evocations


You had 7 spell levels left.
You knew the following spells:

 Your Spells              Type           Power      Damage    Failure   Level
a - Foxfire               Conj/Fire      100%       2x1d9     1%          1
b - Conjure Flame         Conj/Fire      62%        6-21      1%          3
c - Inner Flame           Hex/Fire       62%        N/A       1%          3
d - Sticky Flame          Conj/Fire      62%        2d8       1%          4
e - Fireball              Conj/Fire      31%        3d13      1%          5
f - Summon Small Mammal   Summ           100%       N/A       1%          1
g - Wereblood             Tmut           62%        N/A       1%          2
h - Searing Ray           Conj           100%       3d7       1%          2
i - Gell's Gravitas       Tloc           31%        N/A       1%          3
j - Olgreb's Toxic Radia  Pois           62%        N/A       1%          4
Your spell library was empty.

Dungeon Overview and Level Annotations

Branches:
Dungeon (9/15)             Temple (0/1) D:7            Lair (2/6) D:9
 Spider (1/4) Lair:2
  Swamp: Lair:2-4    Shoals: Lair:2-4       Orc: D:9-12

Altars:
Gozag
Hepliaklqana
Okawaru
Qazlal
Sif Muna
Wu Jian
Yredelemnul
The Shining One


Innate Abilities, Weirdness & Mutations

You are immune to sickness and miasma.
You are immune to poison.
Your flesh is very heat resistant. (rF++)
You are vulnerable to cold. (rC-)
You float through the air rather than walking.
You learn spells naturally, not from books.
Your magical power is your life essence.
You have superior vitality. (+4 HP)


Message History

Item here: 5 gold pieces.
The floor.
Unknown command.
Casting: Foxfire (safe; 1% risk of failure)
Confirm with . or Enter, or press ? or * to list all spells.
You begin to radiate toxic energy.
The wolf spider looks even sicker.
The wolf spider is poisoned. x2; The boulder beetle looks even sicker.
The wolf spider is poisoned.
The boulder beetle looks even sicker.
The wolf spider looks even sicker.
The wolf spider hits you! The wolf spider bites you!
The wolf spider closely misses you.
The wolf spider bites you but does no damage.
The boulder beetle curls into a ball and begins rolling!
As you read the scroll of summoning, it crumbles to dust.
Wisps of shadow whirl around you...
Your tarantella is poisoned.
Your redback is poisoned.
Your wolf spider is poisoned. x2; Your redback is poisoned. x2
The wolf spider looks even sicker.
Your jumping spider is poisoned.
The boulder beetle looks as sick as possible!
The wolf spider looks even sicker.
Your redback is poisoned.
Your tarantella is poisoned.
The wolf spider hits you!
* * * LOW HITPOINT WARNING * * *
Your tarantella dissolves into shadows!
Your redback dissolves into shadows!
Your jumping spider dissolves into shadows!
Your redback dissolves into shadows! x2
Your wolf spider dissolves into shadows! x2
Your redback dissolves into shadows!
Your tarantella dissolves into shadows!
The wolf spider bites you!
* * * LOW HITPOINT WARNING * * *
The wolf spider hits you but does no damage.
The wolf spider misses you.
The wolf spider hits you but does no damage.
The wolf spider barely misses you. The wolf spider closely misses you.
The wolf spider misses you.
The wolf spider is distracted by your dazzling golden aura.
A tarantella comes into view.
The wolf spider hits you!
You die...
Your body crumbles into a pile of gold.

....s#.#. ....#
.........#.....
...............
.....$.○#...≈.#
....$.$B....$≈#
.......$...^#
......ss...####
......s@....≈≈#
..#...s...≈≈≈≈#
.........$≈≈###
........#≈≈##
.#...^....≈#
.$....≈.#≈≈≈
..≈##≈≈## ###
... ###


You could see a boulder beetle (rolling, extremely poisoned), 4 wolf spiders and
a tarantella.

Vanquished Creatures
  3 hydras
  A deep troll (shapeshifter) (D:8)
  A deep elf pyromancer (D:8)
  A manticore (D:8)
  An oklob plant (Lair:2)
  3 black mambas (Lair:2)
  Maggie (D:7)
  2 cane toads (Lair:1)
  A komodo dragon (D:9)
  A troll (D:9)
  A polar bear (Lair:1)
  4 jumping spiders
  A meliai zombie (D:7)
  A wyvern (D:9)
  7 yaks
  6 redbacks
  2 tarantellas (Spider:1)
  5 steam dragons
  Eustachio (D:6)
  Edmund (D:6)
  4 water moccasins
  2 hell hounds (Lair:1)
  3 orc warriors
  2 black bears
  An ice beast (D:7)
  3 ogres
  A sky beast (D:4)
  2 necrophages
  7 wolves
  6 centaurs
  3 phantoms
  A kobold brigand (D:8)
  6 bullfrogs
  A gnoll sergeant (D:7)
  3 scorpions
  11 killer bees
  11 wights (D:8)
  An electric eel (Spider:1)
  4 howler monkeys
  3 centaur zombies
  2 bullfrog zombies
  3 jellies
  3 orc priests
  3 hounds
  3 iguanas
  4 orc wizards
  A hound skeleton (D:4)
  A howler monkey zombie (D:8)
  A howler monkey skeleton (D:4)
  9 gnolls
  11 adders
  2 shadow imps (D:6)
  A white imp (D:8)
  2 adder skeletons (D:4)
  A dart slug (D:1)
  24 orcs
  5 ball pythons
  7 endoplasms
  A giant cockroach (D:4)
  2 goblins
  7 hobgoblins
  9 jackals
  4 kobolds
  5 quokkas
  4 bats
  A frilled lizard (D:1)
  3 rats (D:1)
238 creatures vanquished.

Vanquished Creatures (collateral kills)
  3 foxfires (Lair:2)
3 creatures vanquished.

Vanquished Creatures (others)
  2 demonic plants (D:1)
  522 foxfires
  10 fungi
  32 plants
566 creatures vanquished.

Grand Total: 807 creatures vanquished

Notes
Turn   | Place    | Note
-------+----------+-------------------------------------------
     0 | D:1      | unlimited1921 the Djinni Fire Elementalist began the quest
                  | for the Orb.
     0 | D:1      | Reached XP level 1. HP: 15/15 MP: 0/0
   379 | D:1      | Reached XP level 2. HP: 13/21 MP: 0/0
   919 | D:1      | Reached skill level 3 in Spellcasting
   968 | D:1      | Reached XP level 3. HP: 23/25 MP: 0/0
   968 | D:1      | Learned a level 1 spell: Summon Small Mammal
  1027 | D:1      | Found a faded altar of an unknown god.
  2616 | D:2      | Identified a scroll of acquirement
  2617 | D:2      | Acquired a +2 pair of gloves of stealth
  2812 | D:2      | Reached XP level 4. HP: 22/31 MP: 0/0
  3626 | D:3      | Reached skill level 1 in Fighting
  3632 | D:3      | Reached XP level 5. HP: 20/37 MP: 0/0
  3632 | D:3      | Learned a level 2 spell: Wereblood
  4724 | D:3      | Found a hazy altar of Hepliaklqana.
  4921 | D:4      | Reached skill level 4 in Spellcasting
  4921 | D:4      | Reached XP level 6. HP: 43/43 MP: 0/0
  5118 | D:4      | Noticed an ogre
  5124 | D:4      | Killed an ogre
  5276 | D:4      | Noticed a sky beast
  5280 | D:4      | Killed a sky beast
  5281 | D:4      | Reached XP level 7. HP: 33/49 MP: 0/0
  5281 | D:4      | Learned a level 2 spell: Searing Ray
  5319 | D:4      | Reached skill level 5 in Spellcasting
  6361 | D:5      | Entered Level 5 of the Dungeon
  6474 | D:5      | Reached XP level 8. HP: 47/56 MP: 0/0
  6816 | D:5      | Found an opulent altar of Gozag.
  6918 | D:5      | Became a worshipper of Gozag Ym Sagoz the Greedy
  7065 | D:5      | Reached skill level 6 in Spellcasting
  7729 | D:6      | Noticed Eustachio
  7735 | D:6      | Killed Eustachio
  7982 | D:6      | Reached XP level 9. HP: 55/63 MP: 0/0
  7982 | D:6      | Learned a level 3 spell: Gell's Gravitas
  8457 | D:6      | Noticed Edmund
  8477 | D:6      | Killed Edmund
  8946 | D:6      | Reached skill level 7 in Spellcasting
  9447 | D:7      | Reached skill level 5 in Fighting
  9896 | D:7      | Found a stormy altar of Qazlal.
  9928 | D:7      | Found a staircase to the Ecumenical Temple.
  9983 | D:7      | Noticed Maggie
  9997 | D:7      | Killed Maggie
  9998 | D:7      | Reached skill level 8 in Spellcasting
 10460 | D:7      | Found an ornate altar of the Wu Jian Council.
 10520 | D:7      | Found an iron altar of Okawaru.
 10702 | D:7      | Reached XP level 10. HP: 61/71 MP: 0/0
 11474 | D:8      | Reached skill level 9 in Spellcasting
 11960 | D:8      | Noticed a deep elf pyromancer
 11967 | D:8      | Killed a deep elf pyromancer
 12601 | D:8      | Noticed a manticore
 12610 | D:8      | Noticed a cane toad
 12843 | D:8      | Reached skill level 10 in Spellcasting
 13201 | D:8      | Noticed a deep troll
 13206 | D:8      | Killed a deep troll
 13207 | D:8      | Reached XP level 11. HP: 33/79 MP: 0/0
 13207 | D:8      | Learned a level 4 spell: Olgreb's Toxic Radiance
 13613 | D:8      | Killed a manticore
 13967 | D:8      | Found a basalt altar of Yredelemnul.
 14837 | D:9      | Reached skill level 11 in Spellcasting
 15224 | D:9      | Found a staircase to the Lair.
 15305 | Lair:1   | Entered Level 1 of the Lair of Beasts
 15305 | Lair:1   | Noticed a six-headed hydra
 15311 | Lair:1   | Killed a six-headed hydra
 17192 | Lair:1   | Reached skill level 1 in Evocations
 17192 | Lair:1   | Reached XP level 12. HP: 64/87 MP: 0/0
 17593 | Lair:2   | Found a hole to the Spider Nest.
 17644 | Lair:2   | Found the +2 robe of Vines {NoPotionHeal Regen+++}
 17651 | Lair:2   | Noticed a five-headed hydra
 17663 | Lair:2   | Killed a five-headed hydra
 17664 | Lair:2   | Reached skill level 12 in Spellcasting
 17848 | Lair:2   | Noticed an eight-headed hydra
 17860 | Lair:2   | Killed an eight-headed hydra
 18220 | Lair:2   | Identified the +1 cloak of Jokuocse {*Slow rC+ Int+4}
 18380 | Lair:2   | Reached skill level 5 in Dodging
 18453 | Lair:2   | Found a glowing golden altar of the Shining One.
 19359 | Spider:1 | Entered Level 1 of the Spider Nest
 19363 | Spider:1 | Reached skill level 5 in Stealth
 19366 | Spider:1 | Noticed a boulder beetle
 19378 | Spider:1 | Mangled by a wolf spider

Illustrated notes

Levels and vault maps discovered:
D:1:      scummos_arrival_forest, layout_basic,
          dreamdust_ecumenical_altar_sealed_demon
D:2:      layout_basic
D:3:      layout_basic, nicolae_hepliaklqana_hippocampus
D:4:      layout_loops_ring, grunt_decor_cap, minmay_between
D:5:      layout_loops_ring, overflow_temple_1_default
D:6:      layout_loops_ring, led_sif_pool, uniq_eustachio, uniq_edmund
D:7:      layout_basic, grunt_temple_overflow_open, amcnicky_altar_gilded,
          minmay_temple_entry_wispy, uniq_maggie
D:8:      minmay_imperfect_grid, layout_rooms, old_standard_altar
D:9:      layout_rooms, david_lair_shrubbed
Lair:1:   layout_gridlike, enter_volcano_3, grunt_megastairs_3
Lair:2:   layout_loops_ring, spider_nest_entry_funnel_web, basic_altar,
          hellmonk_guarded_unrand_vines
Spider:1: layout_spider_delve

Skill      XL: |  1  2  3  4  5  6  7  8  9 10 11 12 |
---------------+-------------------------------------+-----
Spellcasting   | 3 4 5 6 8 10 11 12 | 12.4
Stealth        | 2 3 4 5 |  5.0
Fighting       | 1 2 3 4 5 7 8 9 |  9.0
Dodging        | 3 4 5 |  5.4
Evocations     | 1 2 |  2.3
Short Blades   | |  0.1
Maces & Flails | |  0.2

Action                   |  1- 3 |  4- 6 |  7- 9 | 10-12 || total
-------------------------+-------+-------+-------+-------++-------
Melee: Short sword       |     8 |     2 |       |       ||    10
       Rapier            |       |       |     2 |       ||     2
       Flail             |       |       |     1 |     8 ||     9
Throw: Boomerang         |       |       |     1 |       ||     1
 Cast: Foxfire           |    65 |    52 |   111 |   125 ||   353
       Inner Flame       |     1 |    13 |    56 |    85 ||   155
       Summon Small Mamm |       |     3 |    11 |    40 ||    54
       Wereblood         |       |       |     1 |       ||     1
       Fireball          |       |       |     2 |    46 ||    48
       Gell's Gravitas   |       |       |       |     5 ||     5
       Olgreb's Toxic Ra |       |       |       |    15 ||    15
       Searing Ray       |       |       |       |     6 ||     6
Evoke: Wand              |       |       |     2 |     4 ||     6
  Use: Scroll            |     4 |     4 |     4 |    12 ||    24
       Potion            |       |       |     1 |     2 ||     3
Armor: Robe              |     1 |     1 |    16 |     5 ||    23
       Steam dragon scal |       |       |       |    38 ||    38
Dodge: Dodged            |     4 |    11 |    31 |    68 ||   114
